 Dungeon Crawl Stone Soup version 0.28.0-1-gb440e238dd (webtiles) character file.

Game seed: 6440006756689550222

45 belegose the Skirmisher (level 3, -1/34 HPs)
             Began as a Hill Orc Abyssal Knight on Feb 24, 2022.
             Was a Follower of Lugonu.
             Slain by a scorpion (2 damage)
             ... on level 2 of the Dungeon.
             The game lasted 00:03:49 (2285 turns).

belegose the Skirmisher (Hill Orc Abyssal Knight)   Turns: 2285, Time: 00:03:50

Health: -1/34      AC:  6    Str: 17    XL:     3   Next: 64%
Magic:  4/4        EV:  9    Int: 10    God:    Lugonu [*.....]
Gold:   59         SH:  0    Dex: 11    Spells: 2/2 levels left

rFire   . . .      SeeInvis .   a - +1 falchion
rCold   . . .      Faith    .   (no shield)
rNeg    . . .      Spirit   .   i - +0 scale mail
rPois   .          Reflect  .   (no helmet)
rElec   .          Harm     .   (no cloak)
rCorr   .          Rampage  .   (no gloves)
Will    .....                   (no boots)
Stlth   ..........              (no amulet)
HPRegen 0.11/turn               (no ring)
MPRegen 0.09/turn               (no ring)

@: lethally poisoned (-1 -> -23)
A: no striking features
a: Renounce Religion, Depart the Abyss


You were on level 2 of the Dungeon.
You worshipped Lugonu.
Lugonu was aware of your devotion.
You visited 1 branch of the dungeon, and saw 2 of its levels.
You visited the Abyss 1 time.

You collected 59 gold pieces.

Inventory:

Hand Weapons
 a - a +1 falchion (weapon)
 b - a +0 war axe
Missiles
 c - 63 stones
Armour
 i - a +0 scale mail (worn)
Scrolls
 d - a scroll of summoning {unknown}
Potions
 g - a potion of degeneration {unknown}
 h - a potion of haste {unknown}


   Skills:
 + Level 4.5 Fighting
 + Level 3.0 Long Blades
 + Level 2.6 Armour
 - Level 0.7 Dodging
 + Level 2.6 Invocations


You had 2 spell levels left.
You didn't know any spells.
Your spell library contained the following spells:

 Spells                   Type           Power      Damage    Failure   Level
 Call Canine Familiar     Summ           0%         N/A       98%         3
 Portal Projectile        Hex/Tloc       0%         N/A       98%         3
 Leda's Liquefaction      Hex/Erth       0%         N/A       100%        4


Dungeon Overview and Level Annotations

Branches:
Dungeon (2/15)

Altars:

Shops:
D:2 [


Message History

You now have 59 gold pieces (gained 14).
Found a stone staircase leading down.
You see here 20 arrows.
A scorpion comes into view.
Found 12 bolts.
Okay, then.
You aren't carrying any items that you can evoke.
Unknown command.
Okay, then.
You hit the scorpion.
The scorpion is moderately wounded.
The scorpion barely misses you.
You closely miss the scorpion.
The scorpion is moderately wounded.
The scorpion stings you.
You hit the scorpion.
The scorpion is heavily wounded.
The scorpion barely misses you. The scorpion stings you.
You are poisoned.
The scorpion poisons you!
You hit the scorpion. You punch the scorpion.
The scorpion is severely wounded.
You feel very sick. The scorpion closely misses you.
You hit the scorpion.
The scorpion is severely wounded.
You feel sick. The scorpion stings you.
You hit the scorpion but do no damage.
The scorpion is severely wounded.
You feel sick. The scorpion stings you.
You are lethally poisoned!
The scorpion poisons you! The scorpion stings you!
* * * LOW HITPOINT WARNING * * *
You are more poisoned.
The scorpion poisons you!
It was a potion of cancellation.
You feel magically purged.
* * * LOW HITPOINT WARNING * * *
You feel very sick. The scorpion stings you.
You die...

##### #.####..# #....
##.# ##.## #.... ##..#
#..# ###.. #..## ##.##
##.. #.## #..# #... #.#
##.### #... ###.##
#....#####...
#....#######(...........
#......@s.........###.[.
#....#######....### #...
###### ###### #... ####


You could see a scorpion.

Vanquished Creatures
  An adder (D:2)
  7 ball pythons
  4 bats (D:2)
  4 endoplasms
  A giant cockroach (D:1)
  4 goblins
  4 hobgoblins (D:1)
  3 kobolds (D:1)
  A frilled lizard (D:2)
  4 rats (D:1)
33 creatures vanquished.

Notes
Turn   | Place    | Note
-------+----------+-------------------------------------------
     0 | Abyss:1  | belegose the Hill Orc Abyssal Knight began the quest for
                  | the Orb.
     0 | Abyss:1  | Reached XP level 1. HP: 19/19 MP: 2/2
   128 | Abyss:5  | Entered Level 5 of the Abyss
   128 | Abyss:5  | Found a corrupted altar of Lugonu.
   131 | Abyss:5  | Noticed a glowing orange brain
   132 | D:1      | Escaped the Abyss
   243 | D:1      | Reached skill level 4 in Fighting
   243 | D:1      | Reached XP level 2. HP: 11/27 MP: 3/3
   672 | D:1      | Reached * piety under Lugonu
  1167 | D:1      | Reached XP level 3. HP: 34/34 MP: 4/4
  1776 | D:2      | Found a faded altar of an unknown god.
  1796 | D:2      | Found Wehugaog's Antique Armour Shop.
  2256 | D:2      | Noticed a scorpion
  2285 | D:2      | HP: 1/34 [poisoned by a scorpion]
  2285 | D:2      | Slain by a scorpion

Illustrated notes

Levels and vault maps discovered:
D:1:      onia_arrival_handbag, layout_basic, serial_park_tiny_2,
          kennysheep_minor_cross, lemuel_another_geyser
D:2:      layout_rooms, hellmonk_ecumenical_altar_pennies_from_heaven,
          serial_shops, shop

Skill      XL: |  1  2  3 |
---------------+----------+-----
Fighting       | 4 |  4.5
Long Blades    | 3 |  3.0
Armour         | |  2.6
Dodging        | |  0.7
Invocations    | |  2.6

Action                   || total
-------------------------++-------
Melee: Falchion          ||   124
       Punch             ||     3
Invok: Depart the Abyss  ||     1
  Use: Potion            ||     1
Armor: Leather armour    ||    13
       Ring mail         ||    26
       Scale mail        ||     6
Dodge: Dodged            ||    92
